 Dungeon Crawl Stone Soup version 0.17-a0-649-g87edefa (webtiles) character file.

255 frag the Shield-Bearer (level 6, -4/52 HPs)
             Began as a Hill Orc Fighter on Apr 16, 2015.
             Killed from afar by Mygna's ghost (8 damage)
             ... with a flame tongue
             ... on level 4 of the Dungeon on Apr 17, 2015.
             The game lasted 00:16:31 (3081 turns).

frag the Shield-Bearer (Hill Orc Fighter)           Turns: 3081, Time: 00:16:32

Health: -4/52      AC: 10    Str: 21    XL:     6   Next: 15%
Magic:  6/6        EV:  6    Int:  8    God:
Gold:   174        SH: 10    Dex: 10    Spells: 0 memorised, 5 levels left

rFire  . . .     SeeInvis .     a - +2 long sword
rCold  . . .     Clarity  .     n - +0 chain mail
rNeg   . . .     SustAb   .     c - +0 shield
rPois  .         Gourm    .     q - +0 helmet
rElec  .         Spirit   .     (no cloak)
rCorr  .         Warding  .     (no gloves)
rMut   .         Stasis   +     (no boots)
MR     .....                    i - amulet of stasis
Stlth  ..........               (no ring)
                                (no ring)

@: not resistant to hostile enchantments, extremely unstealthy
A: no striking features
a: no special abilities


You were on level 4 of the Dungeon.
You were not hungry.

You visited 1 branch of the dungeon, and saw 4 of its levels.

You collected 174 gold pieces.

Inventory:

Hand weapons
 a - a +2 long sword (weapon)
 f - a +0 long sword
 u - a cursed -3 whip
 v - a +2 short sword of draining
 w - a +0 morningstar of flaming
Armour
 c - a +0 shield (worn)
 n - a +0 chain mail (worn)
 q - a +0 helmet (worn)
Jewellery
 i - an amulet of stasis (around neck)
 s - a +3 ring of evasion {unknown}
Magical devices
 p - a wand of fireball (8)
Scrolls
 b - a scroll of fear
 h - a scroll of teleportation
 j - 2 scrolls of remove curse
 m - 2 scrolls of identify
 o - a scroll of immolation
 t - a scroll of magic mapping
 x - a scroll of enchant armour {unknown}
Potions
 e - a potion of flight
 k - a potion of restore abilities
 l - a potion of cure mutation {unknown}
 r - a potion of curing {unknown}
Comestibles
 d - 3 bread rations
 g - 3 meat rations


   Skills:
 + Level 4.3 Fighting
 + Level 3.5 Long Blades
 + Level 4.1 Armour
 + Level 1.7 Dodging
 + Level 5.2 Shields


You had 5 spell levels left.
You didn't know any spells.

Dungeon Overview and Level Annotations

Branches:
Dungeon (4/15)
 Temple: D:4-7

Altars:
Nemelex Xobeh
Vehumet
Xom
Yredelemnul

Annotations:
D:4 Mygna's ghost, average HEFE


Message History

You block Mygna's ghost's attack. You block the hound's attack.
Mygna's ghost hits you.
* * * LOW HITPOINT WARNING * * *
Space bends around you.
* * * LOW HITPOINT WARNING * * *
A hobgoblin comes into view.
You closely miss the hound.
The hobgoblin shouts!
You block the hound's attack. You block Mygna's ghost's attack.
The hound bites you but does no damage.
You miss the hound. The hound closely misses you.
Mygna's ghost barely misses you. The hound bites you but does no damage.
You hit the hound but do no damage. The hound bites you.
* * * LOW HITPOINT WARNING * * *
Mygna's ghost hits you.
* * * LOW HITPOINT WARNING * * *
The hound bites you but does no damage.
Mygna's ghost gestures at you while chanting.
The flame tongue hits you!
You die...

#... ##.......# #.
#..####...#)#.)# #.
#...##....#.##.. ###.#
#.#.##.#.##.###. #?...?#
#.....).........
.......##...........###.
........#†.[......### ##
........W#†#...#.#...#
....?...@†.......#.#...
........h..#.#####.####
.........##.# ...
....g...###.# ...
........# #.# ...
##.....# #.# #.$.#.# #.#
.#.#.. #..


You could see a hound, Mygna's ghost and a hobgoblin.

Vanquished Creatures
  A worker ant (D:4)
  Terence (D:2)
  Robin (D:2)
  4 adders
  4 gnolls (D:4)
  3 worms
  2 giant geckos
  4 orcs (D:4)
  2 giant cockroaches
  19 goblins
  10 hobgoblins
  18 jackals
  9 kobolds
  7 bats
  4 giant newts
  5 quokkas
  5 rats
99 creatures vanquished.

Notes
Turn   | Place    | Note
--------------------------------------------------------------
     0 | D:1      | frag, the Hill Orc Fighter, began the quest for the Orb.
     0 | D:1      | Reached XP level 1. HP: 19/19 MP: 1/1
   177 | D:1      | Reached XP level 2. HP: 24/27 MP: 2/2
   713 | D:1      | Reached XP level 3. HP: 30/33 MP: 3/3
  1085 | D:2      | Noticed Terence
  1111 | D:2      | Killed Terence
  1111 | D:2      | Reached skill level 4 in Fighting
  1111 | D:2      | Reached skill level 1 in Dodging
  1111 | D:2      | Reached XP level 4. HP: 29/40 MP: 4/4
  1221 | D:2      | Upgraded the game from 0.17-a0-627-g5cb7d3e to 0.17-a0-649-g87edefa
  1261 | D:2      | Noticed Robin
  1277 | D:2      | Killed Robin
  1421 | D:2      | Reached XP level 5. HP: 21/46 MP: 5/5
  2001 | D:3      | Found a radiant altar of Vehumet.
  2256 | D:3      | Found a sparkling altar of Nemelex Xobeh.
  2668 | D:3      | Found a basalt altar of Yredelemnul.
  2684 | D:3      | Found a shimmering altar of Xom.
  2952 | D:4      | Reached skill level 5 in Shields
  3048 | D:4      | Reached XP level 6. HP: 36/52 MP: 6/6
  3049 | D:4      | Noticed Mygna's ghost (average HEFE)
  3081 | D:4      | Killed from afar by Mygna's ghost

Action                   |  1- 3 |  4- 6 || total
-------------------------+-------+-------++-------
Melee: Long sword        |   142 |   251 ||   393
  Use: Scroll            |     4 |    10 ||    14
       Potion            |       |     1 ||     1
  Eat: Chunk             |     1 |     4 ||     5
       Beef jerky        |       |     2 ||     2
